AoeStats
← 鄙人張麻子

Arena

505876295Analyzed
4v4 RM · 21d ago on Sep 11, 2026· 36m 17s· 8 players
Game mode
Random Map
Map size
Large (8 player)
Population
200
Speed
Normal
Resources
Standard
Victory
Conquest
Starting age
Dark Age
Ending age
Imperial Age
RankedLock teamsTeams togetherTeam positionsShared explorationLock speedFull tech treeHidden civsTurbo modeCheats
Victory
Defeat
🇹🇼 Lithuanians · Taiwan
1218
+11
🇹🇼 Tupi · Taiwan
1157
+13
🇹🇼 Celts · Taiwan
1097
+16
🇹🇼 Cumans · Taiwan
1022
+19
🇦🇷 Shu · Argentina
1176
-18
🇯🇵 Britons · Japan
1093
-15
🇺🇸 Hindustanis · United States
1072
-14
🇨🇴 Bohemians · Colombia
1036
-12
AndrewNAT0R
13:16 Feudal Age
17:43 Castle Age
16:11 Double-Bit Axe
16:54 Horse Collar
17:11 Gold Mining
21:24 Wheelbarrow
21:50 Bow Saw
27:00 Scale Barding Armor
28:05 Stone Mining
28:52 Gold Shaft Mining
29:03 Husbandry
29:13 Bloodlines
29:25 Chain Barding Armor
29:16 Forging
28:31 Light Cavalry
32:13 Imperial Age
31:34 Hand Cart
31:05 Loom
31:06 Town Watch
31:48 Heavy Plow
32:34 Iron Casting
32:18 Heavy Camel Rider
luismjchan
10:21 Feudal Age
11:23 Horse Collar
18:10 Castle Age
16:09 Double-Bit Axe
17:27 Loom
25:00 Chemistry
24:13 Pikeman
28:55 Imperial Age
28:13 Bow Saw
29:10 Padded Archer Armor
30:21 Squires
30:43 Heavy Plow
31:11 Forging
31:02 Scale Mail Armor
34:19 Wheelbarrow
33:32 Town Watch
34:28 Iron Casting
35:05 Conscription
34:51 Wagenburg Tactics
sada-aki
7:50 Loom
7:55 Loom
10:36 Feudal Age
11:24 Double-Bit Axe
11:20 Horse Collar
15:29 Fletching
17:28 Gold Mining
22:45 Padded Archer Armor
27:30 Castle Age
26:31 Stone Mining
27:32 Crossbowman
28:10 Bodkin Arrow
28:31 Leather Archer Armor
29:14 Ballistics
28:36 Treadmill Crane
29:35 Bow Saw
35:00 Yeomen
LimAstora2434
9:14 Feudal Age
13:38 Castle Age
11:24 Loom
12:00 Double-Bit Axe
23:08 Wheelbarrow
22:20 Town Watch
25:42 Bow Saw
25:18 Horse Collar
26:13 Gold Mining
30:24 Imperial Age
28:05 Fletching
29:13 Gold Shaft Mining
28:34 Stone Mining
30:42 Hand Cart
30:51 Hand Cart
33:11 Bolt Magazine
32:34 Crossbowman
33:20 Thumb Ring
34:32 Masonry
35:24 Chemistry
34:25 Murder Holes
34:51 Ballistics
35:59 Scale Mail Armor
世紀垃圾
11:03 Feudal Age
14:34 Castle Age
13:03 Double-Bit Axe
14:33 Loom
15:37 Bow Saw
16:42 Horse Collar
17:39 Heavy Plow
24:49 Gold Mining
29:06 Imperial Age
27:16 Wheelbarrow
27:11 Man-at-Arms
27:56 Gambesons
28:16 Scale Mail Armor
29:29 Chain Mail Armor
28:37 Long Swordsman
29:32 Two-Handed Swordsman
33:07 Chemistry
36:13 Plate Mail Armor
35:46 Elite Skirmisher
東塔取蜜
9:46 Feudal Age
10:29 Double-Bit Axe
10:24 Horse Collar
20:39 Castle Age
19:26 Scale Barding Armor
20:47 Bloodlines
20:49 Forging
23:17 Iron Casting
23:05 Chain Barding Armor
24:18 Loom
25:37 Wheelbarrow
24:32 Light Cavalry
25:49 Iron Casting
27:20 Town Watch
27:51 Hand Cart
28:06 Steppe Husbandry
28:50 Bow Saw
31:28 Caravan
31:50 Heavy Plow
鄙人張麻子
10:59 Feudal Age
12:03 Double-Bit Axe
14:30 Castle Age
12:23 Horse Collar
15:31 Bow Saw
15:23 Heavy Plow
18:39 Fervor
19:21 Loom
22:44 Wheelbarrow
25:12 Hand Cart
29:14 Imperial Age
27:13 Gold Mining
27:31 Scale Barding Armor
27:37 Forging
28:02 Bloodlines
27:53 Husbandry
28:26 Loom
28:35 Stone Mining
28:41 Town Watch
29:19 Chain Barding Armor
30:57 Chemistry
30:31 Crop Rotation
30:14 Cavalier
32:04 Conscription
32:45 Iron Casting
32:48 Caravan
34:26 Plate Barding Armor
34:46 Paladin
35:49 Tower Shields
36:24 Hoardings
36:30 Sanctity
老雞白
10:34 Feudal Age
14:30 Castle Age
12:36 Double-Bit Axe
13:53 Horse Collar
14:18 Stone Mining
15:39 Bow Saw
23:28 Wheelbarrow
26:33 Fletching
30:11 Imperial Age
27:57 Hand Cart
27:28 Loom
27:29 Town Watch
28:11 Bodkin Arrow
28:17 Padded Archer Armor
28:40 Treadmill Crane
29:36 Heavy Plow
29:27 Gold Mining
30:58 Curare
30:14 Elite Blackwood Archer
31:12 Bracer
31:38 Ballistics
31:36 Guard Tower
32:48 Chemistry
31:42 Guard Tower
31:34 Elite Skirmisher
34:04 Capped Ram
35:11 Leather Archer Armor
35:50 Keep
35:05 Siege Ram
36:33 Ring Archer Armor
Connection lost

Rejoining the realm…

Still unreachable

The connection could not be restored.

Session expired

The server has moved on; the page needs a fresh start.